 Dungeon Crawl Stone Soup version 0.23.2-40-g277498a001 (webtiles) character file.

Game seed: 3636192306145178280

3951 Amplified the Fighter (level 10, 0/129 HPs)
             Began as a Demonspawn Gladiator on Sept 18, 2019.
             Was an Initiate of Gozag.
             Slain by a queen bee (5 damage)
             ... on level 9 of the Dungeon.
             The game lasted 00:13:57 (9292 turns).

Amplified the Fighter (Demonspawn Gladiator)        Turns: 9292, Time: 00:13:58

Health: 0/129      AC: 13    Str: 24    XL:     10   Next: 2%
Magic:  10/10      EV: 14    Int: 13    God:    Gozag
Gold:   196        SH:  0    Dex: 14    Spells: 9/9 levels left

rFire    . . .     SeeInvis .   A - +2 mace (pain)
rCold    + . .     Gourm    .   (no shield)
rNeg     . . .     Faith    .   s - +3 ring mail of Patience {MR++ Str+4}
rPois    .         Spirit   .   k - +0 hat
rElec    .         Reflect  .   (no cloak)
rCorr    .         Harm     .   n - +0 pair of gloves (curse)
MR       ++...                  (no boots)
Stlth    ..........             (no amulet)
HPRegen  0.31/turn              r - +4 ring of protection
MPRegen  0.12/turn              e - ring of flight

@: berserking (expiring), lethally poisoned (0 -> -3), very quick
A: antennae 2, repulsion field 1, cold resistance 1, foul stench 1, rot immunity
a: Potion Petition, Call Merchant, Bribe Branch, Renounce Religion, Evoke Flight


You were on level 9 of the Dungeon.
You worshipped Gozag.
Gozag was aware of your devotion.
You were near starving.

You visited 2 branches of the dungeon, and saw 10 of its levels.
You also visited: Bailey.

You collected 990 gold pieces.
You spent 224 gold pieces at shops.
You paid 570 gold pieces to Gozag.

Inventory:

Hand Weapons
 m - a +0 blowgun
 A - a +2 mace of pain (weapon)
Missiles
 d - a throwing net (quivered)
 l - 8 javelins
 p - 10 poisoned needles
 y - 36 tomahawks of returning
 z - 2 poisoned tomahawks
Armour
 k - a +0 hat (worn)
 n - a cursed +0 pair of gloves (worn)
 s - the +3 ring mail of Patience (worn) {MR++ Str+4}
   (You found it on level 4 of the Dungeon)

   It affects your strength (+4).
   It affects your resistance to hostile enchantments.
Jewellery
 b - an uncursed amulet of harm
 c - a +3 ring of dexterity
 e - a ring of flight (right hand)
 r - a +4 ring of protection (left hand)
 v - an uncursed ring of protection from magic
Wands
 a - a wand of iceblast (4)
Scrolls
 g - 8 scrolls of remove curse
 j - 4 scrolls of teleportation
 o - a scroll of identify
 x - 2 scrolls of amnesia
Potions
 h - a potion of agility
 i - 4 potions of heal wounds
 q - a potion of berserk rage
 t - 3 potions of lignification
 u - 4 potions of brilliance
Comestibles
 f - 16 rations


   Skills:
 * Level 10.4 Fighting
 * Level 9.8 Maces & Flails
 - Level 1.7 Throwing
 - Level 2.6 Dodging


You had 9 spell levels left.
You didn't know any spells.
Your spell library was empty.

Dungeon Overview and Level Annotations

Branches:
Dungeon (9/15)             Temple (1/1) D:5
   Lair: D:8-11         Orc: D:9-12

Altars:
Ashenzari
Cheibriados
Dithmenos
Elyvilon
Fedhas
Gozag
Hepliaklqana
Kikubaaqudgha
Makhleb
Nemelex Xobeh
Okawaru
Qazlal
Ru
Sif Muna
Trog
Uskayaw
Vehumet
Wu Jian
Xom
Yredelemnul
Zin
The Shining One

Shops:
D:4 [   D:7 *


Innate Abilities, Weirdness & Mutations

You have a pair of antennae on your head.
You are surrounded by a mild repulsion field. (EV +2)
Your flesh is cold resistant. (rC+)
You may emit foul miasma when damaged in melee.
You are immune to rotting.


Message History

The killer bee stings you but does no damage.
The killer bee looks sick.
Unknown command.
You feel sick. The queen bee stings you!
* * * LOW HITPOINT WARNING * * *
An orc comes into view. It is wielding a +0 morningstar.
Unknown command.
You are too berserk!
Unknown command.
Okay, then.
The orc shouts!
You hit the queen bee but do no damage.
The queen bee is severely wounded.
The killer bee stings you.
* * * LOW HITPOINT WARNING * * *
You sock the queen bee!
The queen bee is almost dead.
You feel sick. The killer bee barely misses you. The queen bee stings you.
You die...
Your body crumbles into a pile of gold.

,,..y****,,..#* *#+#####......##.
*{,#y#,####..# *,* ##..##..#.
*,{##%#.#.#..# *,**** ##..##...
*,*#.#.#.###.# *,,,,***##..#.##
*,*,#.#{#%#..# ****,,,* ##....#
*,*#.#.#%#.#{# ***,* #.....
*,*##.#.#/##.# ######+## #.#...
*,,#.#.#.##..#####.......# #.....
*,..##.##.#.{.#y@+.......# ###...
*....####.o$.y.y##.......# #...
#............#####.......#####...
..,....###...# #.......#...'<..
##*###** #.### #.......'.###...
#.# #.......### #### #.#
##'###### #.# #..# #.### ###.####


You could see a queen bee, 2 killer bees and an orc.

Vanquished Creatures
  A hippogriff (D:7)
  Menkaure (D:6)
  6 orc warriors
  A black bear (D:6)
  3 sky beasts (D:5)
  2 ice beasts
  An ogre (D:4)
  3 phantoms (D:4)
  A necrophage (D:7)
  3 centaurs
  2 big kobolds
  2 bullfrogs
  2 scorpions
  12 killer bees
  A wight (D:6)
  A howler monkey (D:9)
  A crimson imp (D:5)
  A bullfrog zombie (D:5)
  A centaur zombie (D:9)
  2 bullfrog skeletons (D:5)
  2 orc priests
  2 hounds
  A centaur skeleton (D:4)
  4 iguanas
  2 orc wizards (D:7)
  8 worker ants
  A hound skeleton (D:4)
  A worker ant zombie (D:7)
  4 gnolls (D:6)
  5 adders
  A shadow imp (D:7)
  An adder zombie (D:9)
  An adder skeleton (D:4)
  A worm (D:2)
  5 leopard geckos
  23 orcs
  6 bats
  3 giant cockroaches
  21 goblins
  13 hobgoblins
  7 jackals (D:4)
  28 kobolds
  4 quokkas
  A ball python (D:3)
  A frilled lizard (D:1)
  A jackal zombie (D:8)
  2 leopard gecko skeletons (D:4)
  A leopard gecko zombie (D:5)
  4 rats (D:2)
201 creatures vanquished.

Notes
Turn   | Place    | Note
-------+----------+-------------------------------------------
     0 | D:1      | Amplified the Demonspawn Gladiator began the quest for the
                  | Orb.
     0 | D:1      | Reached XP level 1. HP: 16/16 MP: 1/1
   160 | D:1      | Gained mutation: You are immune to rotting. [demonic
                  | ancestry]
   160 | D:1      | Reached XP level 2. HP: 16/23 MP: 2/2
   945 | D:2      | Gained mutation: You have a pair of small antennae on your
                  | head. [demonic ancestry]
   945 | D:2      | Reached XP level 3. HP: 21/28 MP: 3/3
  1392 | D:2      | Reached skill level 3 in Fighting
  2516 | D:3      | Gained mutation: Your flesh is cold resistant. (rC+)
                  | [demonic ancestry]
  2516 | D:3      | Reached XP level 4. HP: 21/35 MP: 4/4
  3514 | D:4      | Got a bloodstained ring mail
  3530 | D:4      | Identified the +3 ring mail of Patience {MR++ Str+4} (You
                  | found it on level 4 of the Dungeon)
  3565 | D:4      | Reached skill level 4 in Fighting
  3565 | D:4      | Gained mutation: You have a pair of antennae on your head.
                  | [demonic ancestry]
  3565 | D:4      | Reached XP level 5. HP: 26/42 MP: 5/5
  3647 | D:4      | Noticed a phantom
  3703 | D:4      | Killed a phantom
  3711 | D:4      | Noticed a phantom
  3730 | D:3      | Reached XP level 6. HP: 31/49 MP: 6/6
  3918 | D:4      | Found Hidy's Armour Shop.
  3986 | D:4      | Reached skill level 5 in Maces & Flails
  4048 | D:4      | Reached skill level 5 in Fighting
  4344 | D:4      | Reached XP level 7. HP: 40/56 MP: 7/7
  4656 | D:4      | Reached skill level 6 in Fighting
  4795 | D:5      | Entered Level 5 of the Dungeon
  5104 | D:5      | Gained mutation: You are surrounded by a mild repulsion
                  | field. (EV +2) [demonic ancestry]
  5104 | D:5      | Reached XP level 8. HP: 57/65 MP: 8/8
  5148 | D:5      | Reached skill level 7 in Fighting
  5565 | D:5      | Found a burning altar of Makhleb.
  5696 | D:5      | Found a staircase to the Ecumenical Temple.
  5726 | Temple   | Entered the Ecumenical Temple
  5949 | Temple   | Became a worshipper of Gozag Ym Sagoz the Greedy
  6311 | D:6      | Found a bloodstained altar of Trog.
  6728 | D:6      | Noticed Menkaure
  6733 | D:6      | Killed Menkaure
  6733 | D:6      | Reached skill level 8 in Fighting
  7173 | D:6      | Gained mutation: You may emit foul miasma when damaged in
                  | melee. [demonic ancestry]
  7173 | D:6      | Reached XP level 9. HP: 58/75 MP: 9/9
  7364 | D:7      | Found a flagged portal.
  7392 | Bailey   | Entered a bailey
  7676 | Bailey   | Reached skill level 9 in Fighting
  8268 | D:7      | Found a sacrificial altar of Ru.
  8268 | D:7      | Found a white marble altar of Elyvilon.
  8608 | D:7      | Reached skill level 10 in Fighting
  8784 | D:8      | Noticed a two-headed ogre
  8797 | D:7      | Bought a scroll labeled CULONU OTHRO for 28 gold pieces
  8797 | D:7      | Bought a scroll labeled JEMO DU OTSI for 28 gold pieces
  8810 | D:7      | Bought a glowing mace for 168 gold pieces
  9261 | D:9      | Noticed a queen bee
  9274 | D:9      | Reached XP level 10. HP: 46/86 MP: 10/10
  9290 | D:9      | HP: 6/129 [queen bee (14)]
  9292 | D:9      | Slain by a queen bee

Skill      XL: |  1  2  3  4  5  6  7  8  9 |
---------------+----------------------------+-----
Maces & Flails | 3 4 5 6 8 9 |  9.8
Fighting       | 3 4 5 6 8 10 | 10.4
Throwing       | |  1.7
Dodging        | |  2.6

Action                   |  1- 3 |  4- 6 |  7- 9 | 10-12 || total
-------------------------+-------+-------+-------+-------++-------
Melee: Flail             |   115 |   190 |   408 |       ||   713
       Mace              |       |       |   104 |     8 ||   112
Throw: Throwing net      |       |       |     6 |       ||     6
       Javelin           |       |       |     1 |       ||     1
Invok: Call Merchant     |       |       |     1 |       ||     1
 Abil: Evoke Flight      |       |       |     1 |       ||     1
Evoke: Wand              |       |       |     9 |     2 ||    11
  Use: Scroll            |     4 |     5 |    11 |       ||    20
       Potion            |     3 |     1 |     4 |     1 ||     9
 Stab: Sleeping          |     2 |       |       |       ||     2
       Held in net/web   |       |       |     3 |       ||     3
       Invisible         |       |       |    11 |       ||    11
       Distracted        |       |       |     2 |       ||     2
  Eat: Chunk             |     4 |     7 |     5 |       ||    16
       Ration            |       |       |     3 |       ||     3
Armor: Leather armour    |    32 |    18 |       |       ||    50
       Ring mail         |       |    42 |   193 |     4 ||   239
Dodge: Dodged            |    76 |   128 |   397 |     6 ||   607
